 Dungeon Crawl Stone Soup version 0.30.1-9-gdf580d7c3d (webtiles) character file.

Game seed: 17064295537545995386

9 AppTheSpectato the Chopper (level 2, 0/24 (25) HPs)
             Began as a Hill Orc Reaver on Oct 19, 2023.
             Constricted to death by a ball python (1 damage)
             ... on level 2 of the Dungeon.
             The game lasted 00:05:30 (363 turns).

AppTheSpectato the Chopper (Hill Orc Reaver)         Turns: 363, Time: 00:05:31

HP:   0/24 (25)     AC:  3    Str: 14    XL:     2   Next: 12%
MP:   4/4           EV:  8    Int: 13    God:
Gold: 21            SH:  0    Dex: 15    Spells: 3/4 levels left

rFire   . . .        a - +0 hand axe
rCold   . . .        (no shield)
rNeg    . . .        b - +0 leather armour
rPois   .            (no helmet)
rElec   .            (no cloak)
rCorr   .            (no gloves)
SInv    .            (no boots)
Will    .....        (no amulet)
Stlth   +            f - +6 ring of dexterity
HPRegen 0.24/turn    (no ring)
MPRegen 0.09/turn

%: no passive effects
@: constricted, lightly drained
A: no striking features
a: no special abilities


You were on level 2 of the Dungeon.
You visited 1 branch of the dungeon, and saw 2 of its levels.

You collected 21 gold pieces.

Inventory:

Hand Weapons
 a - a +0 hand axe (weapon)
Armour
 b - a +0 leather armour (worn)
Magical Staves
 e - a staff of cold
Jewellery
 f - a +6 ring of dexterity (left hand)
Potions
 c - a potion of curing {unknown}


   Skills:
 - Level 2.4 Fighting
 * Level 4.4 Axes
 + Level 0.1 Armour
 - Level 1.5 Dodging
 + Level 1.6 Spellcasting
 + Level 3.1 Conjurations


You had 3 spell levels left.
You knew the following spells:

 Your Spells              Type           Power      Damage    Failure   Level
a - Kiss of Death         Conj/Necr      20%        2d7       19%         1

Your spell library contained the following spells:

 Spells                   Type           Power      Damage    Failure   Level
 Momentum Strike          Conj/Tloc      10%        3d8       26%         2
 Lesser Beckoning         Tloc           2%         N/A       45%         2
 Hailstorm                Conj/Ice       5%         3d4       47%         3
 Gell's Gravitas          Tloc           1%         N/A       69%         3
 Teleport Other           Tloc           1%         N/A       69%         3
 Ice Form                 Ice/Tmut       1%         N/A       97%         4
 Simulacrum               Ice/Necr       0%         N/A       100%        6


Dungeon Overview and Level Annotations

Branches:
Dungeon (2/15)

Altars:


Message History

The ball python constricts you. The ball python barely misses you.
The ball python constricts you. The bat closely misses you.
The ball python barely misses you. The ball python constricts you.
The bat hits you. The ball python bites you. The ball python constricts you.
The ball python bites you but does no damage.
The ball python constricts you. The bat hits you but does no damage.
The bat hits you but does no damage. The ball python bites you.
The ball python constricts you. The bat hits you but does no damage.
The ball python bites you.
* * * LOW HITPOINT WARNING * * *
The ball python constricts you. The ball python closely misses you.
The ball python constricts you.
* * * LOW HITPOINT WARNING * * *
The bat hits you but does no damage. The ball python barely misses you.
The ball python constricts you.
The ball python bites you but does no damage.
The ball python constricts you. The bat hits you but does no damage.
The ball python barely misses you. The ball python constricts you.
The ball python bites you.
* * * LOW HITPOINT WARNING * * *
The ball python constricts you. The bat hits you but does no damage.
The ball python barely misses you. The ball python constricts you.
The ball python bites you but does no damage.
The ball python constricts you. The bat closely misses you.
The ball python bites you but does no damage.
The ball python constricts you. The bat completely misses you.
The ball python bites you.
* * * LOW HITPOINT WARNING * * *
The ball python constricts you. The ball python barely misses you.
The ball python constricts you. The bat hits you but does no damage.
The ball python barely misses you. The ball python constricts you.
The ball python bites you.
* * * LOW HITPOINT WARNING * * *
The ball python constricts you.
You die...

.# ## ## .. .. ..
♣. .♣ #. ♣. .♣♣ #..
.##.. #.##..# ##
.#..##S#b.##.# .#
#......@'.#.####.##
#.......#..........
#.......#..........
#########...##...
#...##.#.#
#...##.#.#
#.!...<..#
#...##.#......
#.............


You could see a bat and a ball python.

Vanquished Creatures
  2 endoplasms (D:1)
  A hobgoblin (D:1)
  2 ball pythons (D:1)
  2 bats (D:1)
  A kobold (D:1)
  A rat (D:1)
9 creatures vanquished.

Notes
Turn   | Place    | Note
-------+----------+-------------------------------------------
     0 | D:1      | AppTheSpectato the Hill Orc Reaver began the quest for the
                  | Orb.
     0 | D:1      | Reached XP level 1. HP: 18/18 MP: 3/3
   119 | D:1      | Reached XP level 2. HP: 16/24 MP: 4/4
   363 | D:2      | HP: 1/24 [ball python (1)]
   363 | D:2      | Constricted to death by a ball python

Illustrated notes

Levels and vault maps discovered:
D:1:      dpeg_arrival_triangle_fractal, layout_rooms
D:2:      layout_basic, nicolae_eternal_life, uniq_crazy_yiuf_cottage,
          uniq_jessica

Action                     || total
---------------------------++-------
  Melee: Hand axe          ||    31
   Cast: Kiss of Death     ||     1
    Use: Scroll            ||     2
 Armour: Leather armour    ||    29
  Dodge: Dodged            ||    55
